 Dungeon Crawl Stone Soup version 0.30-a0-782-ge64f9170bb (console) character file.

Game seed: 14367980177063831091

241 utis the Ducker (level 6, -4/38 HPs)
             Began as a Tengu Wanderer on Feb 26, 2023.
             Killed by divine providence
             ... invoked by an orc priest
              (16 damage)
             ... on level 4 of the Dungeon.
             The game lasted 00:13:17 (3917 turns).

utis the Ducker (Tengu Wanderer)                    Turns: 3917, Time: 00:13:18

Health: -4/38      AC:  6    Str: 10    XL:     6   Next: 8%
Magic:  9/9        EV: 15    Int: 12    God:
Gold:   87         SH:  0    Dex: 18    Spells: 0/8 levels left

rFire   + . .      SeeInvis .    a - +1 whip (pain)
rCold   + . .      Faith    .    (no shield)
rNeg    . . .      Spirit   .    o - +0 ring mail
rPois   +          Reflect  .    (helmet restricted)
rElec   +          Harm     .    v - +0 cloak
rCorr   +          Rampage  .    (no gloves)
Will    .....                    (boots unavailable)
Stlth   +                        (no amulet)
HPRegen 0.26/turn                (no ring)
MPRegen 0.11/turn                (no ring)

@: resistant, flying quickly and evasively, quick
A: beak, talons 3, nimble flight
a: no special abilities


You were on level 4 of the Dungeon.
You visited 1 branch of the dungeon, and saw 4 of its levels.

You collected 87 gold pieces.

Inventory:

Hand Weapons
 a - a +1 whip of pain (weapon)
 b - a +0 sling
 t - a +0 long sword
Missiles
 u - 4 throwing nets {=f}
Armour
 c - a +0 leather armour
 i - a +0 scale mail
 o - a +0 ring mail (worn)
 v - a +0 cloak (worn)
Magical Staves
 r - a staff of death
Jewellery
 H - an amulet of faith {!P}
Scrolls
 f - a scroll of fog {unknown}
 h - 3 scrolls of silence {!r}
 j - a scroll of identify {@r1}
Potions
 d - 2 potions of lignification
 e - a potion of mutation {!q}
 m - a potion of flight
 n - a potion of brilliance {unknown}
 p - a potion of degeneration {unknown}
 s - a potion of attraction {unknown}


   Skills:
 - Level 3.6 Fighting
 + Level 1.5 Maces & Flails
 - Level 3.5 Ranged Weapons
 - Level 1.9 Armour
 - Level 5.6 Dodging
 - Level 1.0 Stealth
 - Level 1.6 Spellcasting
 + Level 0.3 Necromancy


You couldn't memorise any spells.
You knew the following spells:

 Your Spells              Type           Power      Damage    Failure   Level
c - Simulacrum            Ice/Necr       0%         N/A       100%        6
y - Searing Ray           Conj           0%         2d4       73%         2

Your spell library contained the following spells:

 Spells                   Type           Power      Damage    Failure   Level
 Magic Dart               Conj           0%         1d3       58%         1
 Fulminant Prism          Conj/Hex       0%         3d5       100%        4
 Freezing Cloud           Conj/Ice/Air   0%         6-21      100%        5
 Polar Vortex             Ice            0%         N/A       100%        9


Dungeon Overview and Level Annotations

Branches:
Dungeon (4/15)
 Temple: D:4-7

Altars:

Shops:
D:1 [

Annotations:
D:3 1 runed translucent door, Glaciallarry's ghost, amateur OgEE; Grinder


Innate Abilities, Weirdness & Mutations

You have a beak for a mouth.
You have claws for feet.
Your magical nature lets you fly swiftly and evasively.


Message History

You completely miss the orc priest.
The orc priest is moderately wounded.
Something hits you but does no damage.
The orc priest hits you but does no damage.
You hit the orc priest but do no damage.
You peck the orc priest, but do no damage.
The orc priest is moderately wounded.
You hear some strange, mumbled words.
You are confused.
The orc priest hits you with a +0 short sword.
* * * LOW HITPOINT WARNING * * *
You hit the orc priest.
You claw the orc priest, but do no damage.
The orc priest is heavily wounded.
You hear some strange, mumbled words.
A magic dart appears from out of thin air!
The magic dart hits you but does no damage.
The orc priest barely misses you.
You bump into the rock wall.
The orc priest calls down the wrath of Beogh upon you.
Beogh smites you!
* * * LOW HITPOINT WARNING * * *
You hear some strange, mumbled words.
A puff of flame appears from out of thin air!
The puff of flame hits you.
* * * LOW HITPOINT WARNING * * *
You bump into the rock wall.
You hear some strange, mumbled words.
You are more confused.
The orc priest invokes the aid of Beogh against you.
You barely resist.
You feel better.
You hear some strange, mumbled words.
A puff of flame appears from out of thin air!
The puff of flame misses you. The orc priest barely misses you.
You feel protected. Something hits you but does no damage.
The orc priest mumbles some strange prayers to Beogh against you.
Beogh smites you!
You die...

░░░ ░<░ ░.░ ░░░
░.░░░░░░░░░
░.░░░..........
░░░.......░░░░░░░░
..░'░░░░░.░░...o{░
........░.░░.░░░Q░
......░.░.░░.░ ░░░
░)...o.......░
.░░'░░░░░░░░░░
.░░........
.░░░░░░.... .'.░
.. .░.░░░░ .░....+


You could see an orc priest.

Vanquished Creatures
  Jessica (D:2)
  Natasha (twice) (D:3)
  2 orc wizards (D:3)
  7 adders
  3 worms
  A dart slug (D:4)
  2 orcs
  2 bats
  4 endoplasms
  A giant cockroach (D:1)
  5 goblins
  4 hobgoblins
  4 jackals (D:2)
  5 kobolds
  A ball python (D:3)
  3 frilled lizards
  6 rats
53 creatures vanquished.

Notes
Turn   | Place    | Note
-------+----------+-------------------------------------------
     0 | D:1      | utis the Tengu Wanderer began the quest for the Orb.
     0 | D:1      | utis set off with the following items: a +0 sling, 4
                  | throwing nets {=f}, a +0 leather armour, 2 potions of
                  | lignification.
     0 | D:1      | Reached XP level 1. HP: 12/12 MP: 2/2
   351 | D:1      | Found Wuuton's Antique Armour Shoppe.
   357 | D:1      | Reached XP level 2. HP: 18/18 MP: 3/3
   946 | D:2      | Reached skill level 5 in Dodging
   946 | D:2      | Reached XP level 3. HP: 22/22 MP: 4/4
  1593 | D:2      | Noticed Jessica
  1598 | D:2      | Killed Jessica
  1599 | D:2      | Reached XP level 4. HP: 27/28 MP: 5/5
  1716 | D:2      | Reached skill level 1 in Armour
  2477 | D:3      | Noticed Glaciallarry's ghost (amateur OgEE)
  2480 | D:3      | Found a runed translucent door.
  2613 | D:3      | Noticed Natasha
  2620 | D:3      | Killed Natasha
  2621 | D:3      | Reached skill level 1 in Spellcasting
  2621 | D:3      | Gained mutation: Your magical nature lets you fly swiftly
                  | and evasively. [Tengu growth]
  2621 | D:3      | Reached XP level 5. HP: 11/32 MP: 6/8
  2721 | D:3      | Learned a level 2 spell: Searing Ray
  2779 | D:3      | Noticed Grinder
  2944 | D:3      | Noticed Natasha
  2959 | D:3      | Killed Natasha
  3170 | D:3      | Paralysed by Grinder for 2 turns
  3248 | D:3      | Paralysed by Grinder for 2 turns
  3255 | D:3      | Paralysed by Grinder for 3 turns
  3366 | D:4      | Reached skill level 1 in Maces & Flails
  3511 | D:3      | Reached XP level 6. HP: 17/38 MP: 9/9
  3519 | D:3      | Learned a level 6 spell: Simulacrum
  3917 | D:4      | Killed from afar by an orc priest

Illustrated notes

Levels and vault maps discovered:
D:1:      onia_arrival_handbag, layout_basic, serial_shops,
          nicolae_shop_advertising_works [nicolae_subvault_shop_adworks],
          kennysheep_another_room, kennysheep_boxes
D:2:      layout_loops_corners, uniq_jessica
D:3:      layout_loops_ring, mainiacjoe_overflow_brackets,
          hellmonk_ghost_happy_afterlife, minmay_misc_feat_roman, uniq_natasha,
          uniq_grinder
D:4:      kennysheep_six_static_rooms, layout_basic,
          mainiacjoe_overflow_24_doors, doesnt_xom_only_xom,
          ebering_ghost_rock_garden, uniq_robin

Skill      XL: |  1  2  3  4  5 |
---------------+----------------+-----
Dodging        | 5 |  5.6
Fighting       | 3 |  3.6
Armour         | 1 |  1.9
Spellcasting   | 1 |  1.6
Maces & Flails | 1 |  1.5
Ranged Weapons | |  3.5
Stealth        | |  1.0
Necromancy     | |  0.3

Action                     |  1- 3 |  4- 6 || total
---------------------------+-------+-------++-------
  Melee: Whip              |       |    52 ||    52
         Kick              |       |    14 ||    14
         Peck              |       |     7 ||     7
         Sling             |       |     1 ||     1
   Fire: Sling             |    83 |   109 ||   192
    Use: Scroll            |       |     8 ||     8
         Potion            |       |     5 ||     5
 Armour: Leather armour    |    10 |       ||    10
         Ring mail         |     3 |    40 ||    43
  Dodge: Dodged            |    30 |   102 ||   132

Table legend: (Time is in decaauts)
 A = Elapsed time spent in this place.
 B = Non-inter-level travel time spent in this place.
 C = Inter-level travel time spent in this place.
 D = Time resting spent in this place.
 E = Time spent auto-exploring this place.
 F = Levels seen in this place.
 G = Mean time per level.
                   A        B        C        D        E       F      G
               +--------+--------+--------+--------+--------+-----+--------+
         Total |   3919 |   3330 |    589 |    435 |   2076 |   4 |  979.8 |
       Dungeon |   3919 |   3330 |    589 |    435 |   2076 |   4 |  979.8 |
               +--------+--------+--------+--------+--------+-----+--------+

Top non-repeatable levels by time:
     D:3: 1479 daAuts
     D:2: 1447 daAuts
     D:1: 837 daAuts
     D:4: 156 daAuts
